 Dungeon Crawl Stone Soup version 0.28.0-53-g5a82cb258f (webtiles) character file.

Game seed: 4389038962773291639

58 Infinimo the Skirmisher (level 4, -15/49 HPs)
             Began as an Ogre Berserker on June 4, 2022.
             Was a Follower of Trog.
             Killed by an exploding goblin (17 damage)
             ... ignited by their inner flame
             ... on level 2 of the Dungeon.
             The game lasted 00:01:41 (1786 turns).

Infinimo the Skirmisher (Ogre Berserker)            Turns: 1786, Time: 00:01:42

Health: -15/49     AC:  3    Str: 23    XL:     4   Next: 2%
Magic:  4/4        EV: 10    Int:  8    God:    Trog [*.....]
Gold:   35         SH:  0    Dex:  8    Spells: 3/3 levels left

rFire   . . .      SeeInvis .   a - +0 mace
rCold   . . .      Faith    .   (no shield)
rNeg    . . .      Spirit   .   b - +0 animal skin
rPois   .          Reflect  .   (helmet restricted)
rElec   +          Harm     .   (no cloak)
rCorr   .          Rampage  .   (gloves unavailable)
Will    .....                   (boots unavailable)
Stlth   +.........              (no amulet)
HPRegen 0.16/turn               (no ring)
MPRegen 0.09/turn               (no ring)

@: on berserk cooldown, flying, slowed, very slow
A: large, unfitting armour, tough skin 1, electricity resistance, MP-powered
wands
a: Renounce Religion, Berserk


You were on level 2 of the Dungeon.
You worshipped Trog.
Trog was aware of your devotion.
You visited 1 branch of the dungeon, and saw 2 of its levels.

You collected 35 gold pieces.

Inventory:

Hand Weapons
 a - a +0 mace (weapon)
Missiles
 f - 11 poisoned darts (quivered)
Armour
 b - a +0 animal skin (worn)
Potions
 e - a potion of flight
 g - 2 potions of mutation


   Skills:
 + Level 4.6 Fighting
 * Level 3.6 Maces & Flails
 + Level 3.1 Dodging


You had 3 spell levels left.
You didn't know any spells.
Your spell library was empty.

Dungeon Overview and Level Annotations

Branches:
Dungeon (2/15)

Altars:

Annotations:
D:2 Robin


Innate Abilities, Weirdness & Mutations

You are too large for most types of armour.
You have tough skin. (AC +1)
You are resistant to electric shocks. (rElec)
You expend magic power (3 MP) to strengthen your wands.


Message History

Unknown command.
As you read the scroll labelled YLOCRERYDD, it crumbles to dust.
The creatures around you are filled with an inner flame!
It was a scroll of immolation.
The goblin hits you but does no damage. The goblin hits you with a +0 dagger.
As you read the scroll labelled FACA JAHUIVYRA, it crumbles to dust.
It is a scroll of amnesia.
You feel forgetful for a moment. The goblin hits you with a +0 club.
The goblin hits you with a +0 dagger.
* * * LOW HITPOINT WARNING * * *
The goblin hits you with a +0 club.
* * * LOW HITPOINT WARNING * * *
The goblin hits you with a +0 dagger.
* * * LOW HITPOINT WARNING * * *
Unknown command.
It was a potion of flight.
You feel very buoyant.
You fly up into the air.
The goblin closely misses you. The goblin barely misses you.
Unknown command.
It was a potion of mutation.
You feel extremely strange.
You feel insulated.
You feel your magical essence link to the dungeon's wands.
The goblin misses you.
The goblin hits you but does no damage. x2
The goblin barely misses you.
You barely miss the goblin. The goblin hits you with a +0 club.
* * * LOW HITPOINT WARNING * * *
The goblin barely misses you. x2; The goblin misses you.
You completely miss the goblin. The goblin closely misses you.
The goblin hits you with a +0 dagger.
* * * LOW HITPOINT WARNING * * *
You barely miss the goblin.
Flame seeps out of the goblin.
You punch the goblin.
The goblin is almost dead.
The goblin no longer looks unusually strong.
The goblin is engulfed in blazing flames.
Trog accepts your kill.
The goblin explodes!
The fiery explosion engulfs you!
You die...

#.# #.##.# #.##.# #.##.#
#.##.# #.##.# #####.##.#
##.###########...#.##.##
....ggg@○§.....#.......>
##.###############.####.
#...... #...####### .#
#..#..# # .. #..###..# #
#. #..##.##..# # #.##
##..##...##..###
..###..##..#..##..##


You could see Robin (inner flame, strong), a hobgoblin (inner flame, strong) and
a goblin (inner flame).

Vanquished Creatures
  An adder (D:2)
  2 worms (D:2)
  3 ball pythons
  An endoplasm (D:2)
  A giant cockroach (D:2)
  10 goblins
  6 hobgoblins (D:1)
  3 quokkas
  3 bats
  2 frilled lizards (D:2)
  7 kobolds
  3 rats (D:1)
42 creatures vanquished.

Notes
Turn   | Place    | Note
-------+----------+-------------------------------------------
     0 | D:1      | Infinimo the Ogre Berserker began the quest for the Orb.
     0 | D:1      | Reached XP level 1. HP: 24/24 MP: 1/1
   384 | D:1      | Reached XP level 2. HP: 32/32 MP: 2/2
   507 | D:1      | Found a faded altar of an unknown god.
  1211 | D:2      | Reached XP level 3. HP: 36/40 MP: 3/3
  1759 | D:2      | Noticed Robin
  1775 | D:2      | Reached XP level 4. HP: 45/49 MP: 4/4
  1783 | D:2      | Gained mutation: You are resistant to electric shocks.
                  | (rElec) [potion of mutation]
  1783 | D:2      | Gained mutation: You expend magic power (3 MP) to
                  | strengthen your wands. [potion of mutation]
  1785 | D:2      | HP: 2/49 [goblin/+0 dagger[Robin] (2)]
  1786 | D:2      | Killed by an exploding goblin... ignited by their inner
                  | flame

Illustrated notes

Levels and vault maps discovered:
D:1:      kilobyte_arrival_exit_the_forest, layout_rooms,
          nicolae_ecumenical_lake_church
D:2:      minmay_alternating_diamond, layout_basic, uniq_crazy_yiuf_cottage,
          uniq_natasha, uniq_robin

Skill      XL: |  1  2 |
---------------+-------+-----
Maces & Flails | 3 |  3.6
Dodging        | 3 |  3.1
Fighting       | |  4.6

Action                   |  1- 3 |  4- 6 || total
-------------------------+-------+-------++-------
Melee: Mace              |   119 |     8 ||   127
       Punch             |       |     1 ||     1
Invok: Berserk           |     7 |       ||     7
  Use: Scroll            |       |     2 ||     2
       Potion            |       |     2 ||     2
Armor: Animal skin       |    34 |     7 ||    41
Dodge: Dodged            |    66 |    10 ||    76
